 Dungeon Crawl Stone Soup version 0.29.1-2-gbd0b4ee654 (webtiles) character file.

Game seed: 8839060378743997586

83 KittyFluff the Trooper (level 4, -3/43 HPs)
             Began as a Gargoyle Berserker on Nov 13, 2022.
             Was a Follower of Trog.
             Slain by a gnoll
             ... wielding a +0 whip
              (4 damage)
             ... on level 3 of the Dungeon.
             The game lasted 00:07:27 (2634 turns).

KittyFluff the Trooper (Gargoyle Berserker)         Turns: 2634, Time: 00:07:27

Health: -3/43      AC:  5    Str: 20    XL:     4   Next: 44%
Magic:  4/4        EV: 12    Int:  8    God:    Trog [*.....]
Gold:   90         SH:  0    Dex: 11    Spells: 3/3 levels left

rFire   . . .      SeeInvis .   a - +0 mace
rCold   . . .      Faith    .   (no shield)
rNeg    + . .      Spirit   .   b - +0 animal skin
rPois   ∞          Reflect  .   (no helmet)
rElec   +          Harm     .   (no cloak)
rCorr   .          Rampage  .   (no gloves)
Will    .....                   (no boots)
Stlth   ..........              (no amulet)
HPRegen 0.14/turn               (no ring)
MPRegen 0.09/turn               (no ring)

@: berserking, very quick
A: sickness immunity, AC +3, negative energy resistance 1, electricity
resistance, torment resistance 1, petrification resistance
a: Renounce Religion, Berserk


You were on level 3 of the Dungeon.
You worshipped Trog.
Trog was aware of your devotion.
You visited 1 branch of the dungeon, and saw 3 of its levels.

You collected 90 gold pieces.

Inventory:

Hand Weapons
 a - a +0 mace (weapon)
 r - a +0 sling
Missiles
 t - 4 atropa-tipped darts (quivered)
Armour
 b - a +0 animal skin (worn)
 k - a +0 leather armour
Jewellery
 m - an amulet of faith
Wands
 p - a wand of acid (7)
Scrolls
 d - a scroll of identify {unknown}
 f - a scroll of blinking {unknown}
 g - a scroll of amnesia {unknown}
 i - a scroll of enchant armour {unknown}
 l - a scroll of teleportation {unknown}
 n - a scroll of torment {unknown}
 o - 2 scrolls of fog {unknown}
Potions
 c - a potion of mutation {unknown}
 e - a potion of curing {unknown}
 h - a potion of ambrosia {unknown}
 j - a potion of heal wounds {unknown}
 q - a potion of flight {unknown}
 s - a potion of magic {unknown}
 u - a potion of haste {unknown}


   Skills:
 + Level 3.8 Fighting
 + Level 3.8 Maces & Flails
 * Level 3.0 Armour
 + Level 2.1 Dodging
 + Level 0.6 Stealth


You had 3 spell levels left.
You didn't know any spells.
Your spell library was empty.

Dungeon Overview and Level Annotations

Branches:
Dungeon (3/15)

Altars:

Shops:
D:3 *


Innate Abilities, Weirdness & Mutations

You are immune to sickness and miasma.
Your stone body is resilient. (AC +3)
You are immune to poison.
You resist negative energy. (rN+)
You are resistant to electric shocks. (rElec)
You are resistant to unholy torment.
You are immune to petrification.


Message History

The gnoll closely misses you.
You hit the gnoll.
The gnoll is almost dead.
The gnoll misses you.
You closely miss the gnoll.
The gnoll is almost dead.
The gnoll hits you with a +0 whip. The gnoll closely misses you.
A red film seems to cover your vision as you go berserk!
You feel yourself moving faster!
You feel mighty! The gnoll hits you with a +0 whip.
You sock the gnoll!
You kill the gnoll!
Trog accepts your kill.
Your Armour skill increases to level 3!
A gnoll comes into view. It is wielding a +0 spear.
The gnoll shouts!
The gnoll hits you with a +0 flail! The gnoll barely misses you.
The gnoll hits you from afar with a +0 spear.
You see here a +0 whip.
You hit the gnoll.
The gnoll is moderately wounded.
The gnoll hits you with a +0 flail.
* * * LOW HITPOINT WARNING * * *
The gnoll hits you with a +0 whip.
* * * LOW HITPOINT WARNING * * *
The gnoll misses you.
You completely miss the gnoll.
The gnoll is moderately wounded.
The gnoll barely misses you. The gnoll hits you with a +0 whip.
* * * LOW HITPOINT WARNING * * *
The gnoll hits you but does no damage.
You barely miss the gnoll.
The gnoll is moderately wounded.
The gnoll barely misses you. The gnoll hits you but does no damage.
The gnoll hits you from afar with a +0 spear.
* * * LOW HITPOINT WARNING * * *
You completely miss the gnoll.
The gnoll is moderately wounded.
The gnoll misses you. The gnoll hits you with a +0 whip.
You die...

#. #. #. #. #.
#g #########
#g###...#...##
#g@.'...+....#
#####...#....#
#....+....#
#.^..#....#
#....#....#
#....#....#
#.####....#
#.# ##+#.# #.#
# #.#


You could see 3 gnolls.

Vanquished Creatures
  A gnoll (D:3)
  4 adders
  4 dart slugs
  3 ball pythons
  3 bats
  2 endoplasms
  A giant cockroach (D:1)
  5 goblins
  A hobgoblin (D:1)
  3 quokkas
  3 frilled lizards (D:1)
  A rat (D:3)
31 creatures vanquished.

Notes
Turn   | Place    | Note
-------+----------+-------------------------------------------
     0 | D:1      | KittyFluff the Gargoyle Berserker began the quest for the
                  | Orb.
     0 | D:1      | Reached XP level 1. HP: 14/14 MP: 1/1
   204 | D:1      | Reached XP level 2. HP: 13/19 MP: 2/2
  1218 | D:2      | Reached XP level 3. HP: 17/23 MP: 3/3
  2023 | D:2      | Reached XP level 4. HP: 9/29 MP: 4/4
  2388 | D:3      | Found Qyism's General Store.
  2633 | D:3      | HP: 1/43 [gnoll/+0 spear (3)]
  2634 | D:3      | Slain by a gnoll

Illustrated notes

Levels and vault maps discovered:
D:1:      elethiomel_arrival_infinity_welcomes_careful_drivers, layout_basic,
          serial_curves, eino_curves_03, eino_curves_01, eino_curves_04
D:2:      layout_loops_corners
D:3:      layout_basic, serial_shops, shop, kennysheep_path_1,
          palyth_stone_intersect

Skill      XL: |  1  2  3  4 |
---------------+-------------+-----
Dodging        | 2 |  2.1
Armour         | 3 |  3.0
Fighting       | |  3.8
Maces & Flails | |  3.8
Stealth        | |  0.6

Action                   |  1- 3 |  4- 6 || total
-------------------------+-------+-------++-------
Melee: Mace              |   114 |    23 ||   137
Invok: Berserk           |       |     1 ||     1
 Stab: Sleeping          |     2 |       ||     2
Armor: Animal skin       |    60 |     4 ||    64
Dodge: Dodged            |    86 |    22 ||   108
